AoeStats
← alexdace1982

Lombardia

508601380Analyzed
4v4 RM · 9d ago on Sep 23, 2026· 55m 15s· 8 players
Game mode
Random Map
Map size
Large (8 player)
Population
200
Speed
Normal
Resources
Standard
Victory
Conquest
Starting age
Dark Age
Ending age
Imperial Age
RankedLock teamsTeams togetherTeam positionsShared explorationLock speedFull tech treeHidden civsTurbo modeCheats
Victory
Defeat
🇨🇳 Burgundians · China
944
+16
🇹🇼 Spanish · Taiwan
942
+16
🇺🇸 Dravidians · United States
939
+16
🇨🇳 Persians · China
927
+17
🇲🇽 Vikings · Mexico
1021
-19
🇲🇽 Franks · Mexico
975
-18
🇲🇽 Khmer · Mexico
896
-14
🇲🇽 Britons · Mexico
884
-38
bergiebird
7:57 Loom
10:29 Feudal Age
10:56 Horse Collar
11:04 Double-Bit Axe
12:47 Wheelbarrow
12:32 Gold Mining
13:20 Stone Mining
14:29 Town Watch
22:40 Castle Age
21:49 Forging
22:04 Fletching
22:15 Scale Mail Armor
22:17 Padded Archer Armor
23:36 Hand Cart
23:41 Bow Saw
24:22 Bodkin Arrow
25:50 Heavy Plow
27:35 Ballistics
29:16 Town Patrol
31:19 Medical Corps
35:20 Imperial Age
34:09 Leather Archer Armor
34:24 Masonry
34:26 Thumb Ring
35:12 Elite Skirmisher
36:15 Elite Elephant Archer
38:25 Bracer
39:27 Chemistry
39:59 Conscription
41:55 Ring Archer Armor
41:38 Masonry
42:08 Hoardings
47:43 Two-Man Saw
53:55 Spies/Treason
76561199018652089
11:12 Feudal Age
11:49 Double-Bit Axe
12:42 Wheelbarrow
12:20 Horse Collar
19:22 Castle Age
19:35 Loom
21:44 Hand Cart
21:50 Hand Cart
21:52 Heavy Plow
22:05 Bow Saw
26:21 Stone Mining
26:25 Gold Mining
32:14 Imperial Age
29:31 Town Watch
30:59 Caravan
31:57 Kamandaran
33:58 Gold Shaft Mining
33:58 Stone Shaft Mining
34:30 Two-Man Saw
34:09 Crop Rotation
33:56 Pikeman
34:36 Squires
34:22 Arson
36:25 Coinage
36:07 Forging
35:57 Scale Mail Armor
37:36 Iron Casting
36:52 Fletching
37:02 Padded Archer Armor
37:11 Thumb Ring
36:29 Crossbowman
36:37 Capped Ram
37:59 Guilds
37:57 Elite War Elephant
38:56 Chain Mail Armor
39:02 Citadels
39:32 Hoardings
39:18 Conscription
41:09 Blast Furnace
40:18 Scale Barding Armor
42:55 Ballistics
43:36 Chemistry
42:44 Siege Ram
43:31 Husbandry
42:51 Cavalier
44:42 Plate Mail Armor
44:32 Chain Barding Armor
44:28 Leather Archer Armor
44:08 Bodkin Arrow
47:01 Savar
51:33 Plate Barding Armor
51:29 Ring Archer Armor
50:22 Heavy Camel Rider
50:52 Halberdier
MaxC
5:09 Loom
11:13 Feudal Age
13:08 Double-Bit Axe
18:30 Castle Age
18:08 Scale Barding Armor
17:50 Horse Collar
18:16 Gold Mining
19:27 Bloodlines
19:18 Husbandry
19:47 Forging
20:00 Chain Barding Armor
20:19 Forging
21:24 Bow Saw
22:56 Wheelbarrow
23:54 Iron Casting
23:59 Fervor
24:07 Heavy Plow
27:14 Stone Mining
27:44 Hand Cart
32:35 Imperial Age
31:22 Stone Shaft Mining
31:23 Padded Archer Armor
32:37 Leather Archer Armor
32:56 Fletching
34:20 Ring Archer Armor
34:14 Conscription
34:20 Conscription
33:22 Elite Conquistador
34:15 Town Watch
35:15 Cavalier
36:32 Plate Barding Armor
38:31 Blast Furnace
38:16 Bodkin Arrow
41:14 Sanctity
41:10 Block Printing
41:31 Theocracy
40:21 Paladin
41:38 Bracer
42:12 Sanctity
42:29 Theocracy
42:09 Town Patrol
47:32 Guilds
50:36 Supremacy
50:18 Scale Mail Armor
hlj
8:00 Double-Bit Axe
8:48 Horse Collar
12:29 Feudal Age
14:26 Bow Saw
17:08 Castle Age
15:26 Heavy Plow
19:13 Wheelbarrow
19:27 Husbandry
20:31 Two-Man Saw
20:26 Forging
23:49 Stone Mining
27:00 Stone Shaft Mining
26:59 Crop Rotation
27:39 Iron Casting
27:09 Scale Barding Armor
28:56 Cavalier
31:22 Gold Mining
32:25 Hand Cart
33:28 Light Cavalry
38:25 Imperial Age
35:43 Loom
36:32 Chain Barding Armor
36:22 Burgundian Vineyards
37:08 Town Watch
38:19 Ballistics
37:40 Treadmill Crane
40:20 Conscription
39:25 Paladin
41:24 Blast Furnace
40:59 Plate Barding Armor
41:43 Chemistry
43:01 Masonry
42:37 Arrowslits
42:46 Fletching
42:57 Padded Archer Armor
49:21 Caravan
54:50 Spies/Treason
Knight_Romero83
8:02 Loom
11:46 Feudal Age
19:07 Double-Bit Axe
19:07 Horse Collar
22:09 Castle Age
20:08 Gold Mining
20:25 Fletching
20:36 Padded Archer Armor
21:46 Stone Mining
22:48 Scale Mail Armor
22:58 Forging
22:38 Crossbowman
22:44 Pikeman
27:56 Bow Saw
30:16 Bodkin Arrow
30:37 Chain Mail Armor
31:28 Leather Archer Armor
32:58 Iron Casting
35:19 Ballistics
39:18 Imperial Age
37:39 Scale Barding Armor
38:22 Gold Shaft Mining
40:47 Chieftains
40:17 Arbalester
41:31 Plate Mail Armor
42:02 Blast Furnace
41:03 Bracer
41:33 Ring Archer Armor
42:06 Chemistry
41:21 Heavy Plow
41:38 Squires
41:53 Arson
42:42 Bogsveigar
46:10 Two-Man Saw
alexdace1982
1:05 Loom
11:56 Feudal Age
13:18 Wheelbarrow
12:29 Town Watch
16:38 Double-Bit Axe
18:21 Horse Collar
29:23 Castle Age
33:10 Hand Cart
34:40 Stone Mining
34:45 Gold Mining
35:12 Bow Saw
37:14 Crossbowman
39:18 Pikeman
41:25 Town Patrol
43:14 Gold Shaft Mining
46:04 Guard Tower
49:14 Imperial Age
EivorTovar
1:50 Loom
13:01 Feudal Age
13:45 Double-Bit Axe
20:30 Castle Age
18:32 Horse Collar
20:33 Bloodlines
20:32 Scale Barding Armor
23:13 Gold Mining
23:16 Pikeman
26:26 Heavy Plow
27:04 Gold Shaft Mining
29:02 Light Cavalry
29:55 Forging
30:14 Bow Saw
34:48 Imperial Age
32:34 Stone Mining
35:41 Elite Skirmisher
36:21 Halberdier
37:03 Hussar
41:55 Crop Rotation
42:25 Murder Holes
ReBeL_PuMa
3:28 Loom
3:43 Loom
11:35 Feudal Age
15:34 Scale Barding Armor
19:28 Forging
19:05 Double-Bit Axe
25:11 Castle Age
26:00 Wheelbarrow
26:14 Scale Mail Armor
26:26 Bow Saw
26:20 Pikeman
26:46 Gambesons
27:19 Chain Mail Armor
27:11 Town Watch
27:30 Squires
30:14 Iron Casting
34:41 Gold Mining
34:45 Stone Mining
34:45 Arson
38:51 Imperial Age
37:43 Gold Shaft Mining
38:01 Chain Barding Armor
40:30 Murder Holes
40:15 Treadmill Crane
40:47 Masonry
40:14 Halberdier
42:08 Conscription
47:23 Architecture
47:24 Plate Mail Armor
Connection lost

Rejoining the realm…

Still unreachable

The connection could not be restored.

Session expired

The server has moved on; the page needs a fresh start.